 Dungeon Crawl Stone Soup version 0.23.2-1-ga50397a (webtiles) character file.

Game seed: 15878307415113391562

73 diana the Slasher (level 4, 10/34 HPs)
             Began as a Demonspawn Gladiator on May 18, 2019.
             Quit the game on level 2 of the Dungeon.
             The game lasted 00:01:14 (1072 turns).

diana the Slasher (Demonspawn Gladiator)            Turns: 1072, Time: 00:01:14

Health: 10/34      AC:  5    Str: 15    XL:     4   Next: 8%
Magic:  4/4        EV: 12    Int: 10    God:
Gold:   64         SH:  0    Dex: 14    Spells: 3/3 levels left

rFire    . . .     SeeInvis .   a - +0 long sword
rCold    . . .     Gourm    .   (no shield)
rNeg     . . .     Faith    .   n - +0 ring mail
rPois    .         Spirit   .   (helmet restricted)
rElec    .         Reflect  .   (no cloak)
rCorr    .         Harm     .   (no gloves)
MR       .....                  (no boots)
Stlth    ++........             (no amulet)
HPRegen  0.11/turn              (no ring)
MPRegen  0.09/turn              (no ring)

@: mildly poisoned (10 -> 7)
A: horns 1, nightstalker 1
a: no special abilities


You were on level 2 of the Dungeon.
You were hungry.

You visited 1 branch of the dungeon, and saw 2 of its levels.

You collected 64 gold pieces.

Inventory:

Hand Weapons
 a - a +0 long sword (weapon)
Missiles
 d - 5 throwing nets (quivered)
Armour
 b - a +0 leather armour
 c - a +0 helmet
 n - a +0 ring mail (worn)
Scrolls
 e - a scroll of remove curse {unknown}
 g - 4 scrolls of identify {unknown}
 i - a scroll of amnesia {unknown}
 k - a scroll of teleportation {unknown}
 l - 2 scrolls of immolation {unknown}
 m - a scroll of fear {unknown}
 o - a scroll of enchant armour {unknown}
Potions
 h - 2 potions of flight {unknown}
 j - a potion of curing {unknown}
Comestibles
 f - 3 rations


   Skills:
 + Level 2.6 Fighting
 + Level 3.1 Long Blades
 - Level 1.7 Throwing
 * Level 2.0 Armour
 + Level 3.1 Dodging


You had 3 spell levels left.
You didn't know any spells.
Your spell library was empty.

Dungeon Overview and Level Annotations

Branches:
Dungeon (2/15)

Altars:


Innate Abilities, Weirdness & Mutations

You have a pair of small horns on your head.
You are slightly more attuned to the shadows.


Message History

You are too injured to fight recklessly!
You are too injured to fight recklessly!
You are too injured to fight recklessly!
You are too injured to fight recklessly!
You are too injured to fight recklessly!
You closely miss the kobold.
The kobold hits you but does no damage. x2
You slash the kobold!
You kill the kobold!
You feel sick.
The kobold hits you with a cursed -2 flail.
You hit the kobold but do no damage.
You feel sick. The kobold closely misses you.
You riposte.
You barely miss the kobold. You closely miss the kobold.
The kobold barely misses you.
You slash the kobold!
You kill the kobold!
You feel sick.
Items here: ( ))) † a cursed -2 flail; a +1 short sword of speed; 3 stones; a +0 dagger a goblin corpse Are you sure you want to abandon this character and quit the game? (Confirm with "yes".)

#. #..# .######. #.##..#
.##......# #.##..#
#.##.#####. #.##..# #.#
#. ##.##..# #.# #.
##...#..# #.# ##
#.......######.# #
#......@)).....# # ##
##......######..##.#####.
#....<### #.........<#
.........## ##.########.
##.####..# #.###### ## .
#..# #......# # #..#
######.# #..# #.# ..##
########.####


There were no monsters in sight!

Vanquished Creatures
  3 adders (D:2)
  4 dart slugs (D:1)
  2 leopard geckos (D:1)
  2 giant cockroaches (D:2)
  3 goblins
  5 hobgoblins
  4 jackals (D:1)
  5 kobolds
  A bat (D:2)
  2 frilled lizards
  2 rats
33 creatures vanquished.

Notes
Turn   | Place    | Note
-------+----------+-------------------------------------------
     0 | D:1      | diana the Demonspawn Gladiator began the quest for the Orb.
     0 | D:1      | Reached XP level 1. HP: 16/16 MP: 1/1
    86 | D:1      | Gained mutation: You have a pair of small horns on your
                  | head. [demonic ancestry]
    86 | D:1      | Reached XP level 2. HP: 10/22 MP: 2/2
   292 | D:1      | Reached skill level 1 in Armour
   300 | D:1      | HP: 1/22 [goblin (4)]
   605 | D:1      | Reached XP level 3. HP: 24/28 MP: 3/3
  1060 | D:2      | Gained mutation: You are slightly more attuned to the
                  | shadows. [demonic ancestry]
  1060 | D:2      | Reached XP level 4. HP: 24/34 MP: 4/4
  1072 | D:2      | Quit the game

Skill      XL: |  1  2  3  4 |
---------------+-------------+-----
Armour         | 1 2 |  2.0
Long Blades    | 3 |  3.1
Dodging        | 3 |  3.1
Fighting       | |  2.6
Throwing       | |  1.7

Action                   |  1- 3 |  4- 6 || total
-------------------------+-------+-------++-------
Melee: Long sword        |    79 |     8 ||    87
       Headbutt          |     9 |       ||     9
 Stab: Sleeping          |     1 |       ||     1
Armor: Leather armour    |    22 |       ||    22
       Ring mail         |     6 |     1 ||     7
Dodge: Dodged            |    79 |     5 ||    84
       Rpst.: Long sword |    21 |     3 ||    24
